 Dungeon Crawl Stone Soup version 0.17.2-1-ge4368a0 (webtiles) character file.

123 Ladykiller69 the Shield-Bearer (level 5, -9/42 HPs)
             Began as a Formicid Fighter on Sept 9, 2016.
             Mangled by Ladykiller69's ghost (13 damage)
             ... on level 3 of the Dungeon.
             The game lasted 00:03:44 (2142 turns).

Ladykiller69 the Shield-Bearer (Formicid Fighter)   Turns: 2142, Time: 00:03:44

Health: -9/42      AC:  7    Str: 21    XL:     5   Next: 29%
Magic:  5/5        EV:  8    Int:  8    God:
Gold:   104        SH:  9    Dex: 10    Spells: 0 memorised, 4 levels left

rFire  . . .     SeeInvis +     a - +0 war axe
rCold  . . .     Clarity  .     b - +0 scale mail
rNeg   . . .     SustAt   .     c - +0 shield
rPois  .         Gourm    .     (helmet unavailable)
rElec  .         Spirit   .     (no cloak)
rCorr  .         Warding  .     (no gloves)
rMut   .         Stasis   +     (no boots)
MR     .....                    (no amulet)
Stlth  ..........               (no ring)
                                (no ring)

@: not resistant to hostile enchantments, extremely unstealthy
A: permanent stasis, dig shafts and tunnels, four strong arms, antennae 3
a: Dig, Shaft Self


You were on level 3 of the Dungeon.
You were not hungry.

You visited 1 branch of the dungeon, and saw 4 of its levels.

You collected 104 gold pieces.

Inventory:

Hand Weapons
 a - a +0 war axe (weapon)
Missiles
 n - 11 tomahawks (quivered)
 r - 6 javelins
Armour
 b - a +0 scale mail (worn)
 c - a +0 shield (worn)
Jewellery
 h - a cursed ring of loudness {unknown}
Scrolls
 f - 2 scrolls of fear {unknown}
 i - 2 scrolls of identify {unknown}
 j - 2 scrolls of remove curse {unknown}
 o - a scroll of immolation {unknown}
 q - a scroll of noise {unknown}
Potions
 d - a potion of might
 g - 2 potions of mutation {unknown}
 k - 2 potions of flight {unknown}
 l - a potion of brilliance {unknown}
Comestibles
 e - 2 bread rations
 m - 2 beef jerkies
 p - a royal jelly


   Skills:
 + Level 4.1 Fighting
 * Level 3.4 Axes
 + Level 4.0 Armour
 + Level 4.3 Shields


You had 4 spell levels left.
You didn't know any spells.

Dungeon Overview and Level Annotations

Branches:
Dungeon (4/15)
 Temple: D:4-7

Altars:

Annotations:
D:3 Ladykiller69's ghost, amateur FoFi


Innate Abilities, Weirdness & Mutations

You are under a permanent stasis effect.
You can dig through walls and to a lower floor.
Your four strong arms can wield two-handed weapons with a shield.
You have a pair of large antennae on your head (SInv).


Message History

You slash Ladykiller69's ghost!
Ladykiller69's ghost is severely damaged.
Ladykiller69's ghost hits you!
You hit Ladykiller69's ghost.
Ladykiller69's ghost is almost destroyed.
Ladykiller69's ghost hits you!
Ladykiller69's ghost wails.
Ladykiller69's ghost closely misses you.
You hit Ladykiller69's ghost but do no damage.
Ladykiller69's ghost is almost destroyed.
You block Ladykiller69's ghost's attack.
Your shield and scale mail prevent you from hitting Ladykiller69's ghost.
Ladykiller69's ghost is almost destroyed.
You block Ladykiller69's ghost's attack.
You hit Ladykiller69's ghost.
Ladykiller69's ghost is almost destroyed.
Ladykiller69's ghost hits you!
* * * LOW HITPOINT WARNING * * *
Ladykiller69's ghost hits you!
You die...

#.# ##.# #..#
#.## #.# #.#
#)# ##.#
###########
...#
##.#.†@W...#
####
##.#..####.....
######.###.#
###
###........#..#
.#
#...)..#.#.#.##
.#
#.#.##.##....#
.# #.#.##.#
#.#.. ##.#
#.#.##.# ......
...# #.#.##.#
##### #..#


You could see Ladykiller69's ghost.

Vanquished Creatures
  Jessica (D:3)
  4 adders (D:3)
  2 oozes
  A worm (D:3)
  3 giant geckos
  5 orcs
  3 bats
  3 giant cockroaches
  6 hobgoblins
  5 kobolds
  A ball python (D:2)
  2 giant newts
  4 goblins
  4 rats
44 creatures vanquished.

Notes
Turn   | Place    | Note
--------------------------------------------------------------
     0 | D:1      | Ladykiller69 the Formicid Fighter began the quest for the Orb.
     0 | D:1      | Reached XP level 1. HP: 18/18 MP: 1/1
   239 | D:1      | Reached XP level 2. HP: 24/24 MP: 2/2
   867 | D:2      | You fall through a shaft for 2 floors!
  1126 | D:4      | Noticed a scorpion
  1225 | D:2      | Reached skill level 4 in Shields
  1225 | D:2      | Reached XP level 3. HP: 26/29 MP: 3/3
  1493 | D:3      | Noticed Ladykiller69's ghost (amateur FoFi)
  1795 | D:3      | Reached XP level 4. HP: 31/36 MP: 4/4
  1985 | D:3      | Noticed Jessica
  1995 | D:3      | Killed Jessica
  1995 | D:3      | Reached XP level 5. HP: 36/42 MP: 5/5
  2142 | D:3      | Mangled by Ladykiller69's ghost

Action                   |  1- 3 |  4- 6 || total
-------------------------+-------+-------++-------
Melee: War axe           |    95 |    63 ||   158
 Abil: Dig               |     1 |       ||     1
       Shaft Self        |     1 |       ||     1
  Eat: Chunk             |     3 |     2 ||     5
